Map: Eflorescencia EE

Players

MrFercho

  • Race: Zerg Zerg
  • League: Silver
  • Spawn Location: 12:00

TATORREA

  • Race: Protoss Protoss
  • League: Silver
  • Spawn Location: 3:00

Sebas

  • Race: Terran Terran
  • Spawn Location: 9:00

Lemaroy

  • Race: Protoss Protoss
  • League: Silver
  • Spawn Location: 6:00

VOD

Have the link to the VOD?

Description

Time

  • Played on: May 22, 2020, 8:18 p.m.
  • Length: 17:26
Show
View Real Time Build Order
Export as new Build Order

MrFercho Zerg 

Build Orders: Pool First 

Get SALT Encoding   

  12  0:02  Drone  
  13  0:15  Overlord  
  13  0:21  Extractor  
  12  0:23  Extractor, Drone  
  12  0:27  Drone  
  13  0:40  Drone x2  
  15  0:51  Drone  
  16  0:59  Drone  
  17  1:06  Spawning Pool  
  17  1:10  Drone  
  17  1:21  Drone  
  18  1:36  Drone  
  19  1:44  Overlord  
  19  2:00  Overlord  
  19  2:03  Metabolic Boost  
  19  2:05  Hatchery  
  18  2:12  Queen  
  20  2:16  Drone  
  21  2:33  Drone x2  
  23  2:47  Spine Crawler  
  22  2:55  Lair  
  22  3:06  Zergling x6  
  25  3:40  Drone x3  
  28  3:41  Drone x4  
  29  4:22  Queen  
  31  4:30  Spine Crawler  
  30  4:35  Zergling x2  
  30  4:36  Zergling x10  
  36  4:42  Spire  
  35  4:56  Drone  
  35  4:57  Drone x4  
  40  5:01  Queen  
  42  5:07  Queen  
  33  6:03  Mutalisk x2  
  35  6:06  Overlord x2  
  35  6:07  Overlord  
  35  6:15  Drone  
  36  6:23  Extractor  
  36  6:24  Queen  
  37  6:26  Extractor  
  36  6:46  Drone x2  
  36  6:47  Drone x3  
  41  7:01  Burrow  
  41  7:04  Pneumatized Carapace  
  41  7:08  Zerg Flyer Armor Level 1  
  41  7:13  Zergling x2  
  41  7:14  Zergling x8  
  46  7:33  Hatchery  
  46  7:36  Hatchery  
  44  7:40  Spore Crawler  
  44  7:43  Spine Crawler  
  42  7:48  Drone  
  42  7:49  Drone x5  
  46  8:36  Spore Crawler  
  43  8:48  Drone x6  
  49  9:11  Mutalisk  
  49  9:12  Mutalisk x9  
  69  9:53  Mutalisk  
  69  9:56  Overlord x3  
  69  9:57  Overlord  
  71  10:28  Mutalisk  
  71  10:29  Mutalisk x13  
  94  11:11  Mutalisk x4  
  94  11:12  Mutalisk  
  62  12:36  Mutalisk  
  62  12:37  Mutalisk x8  
  74  13:18  Mutalisk  
  74  13:19  Mutalisk x3  
  80  13:24  Zergling x2  
  80  13:25  Zergling x20  
  70  15:12  Roach Warren  
  43  15:39  Mutalisk  
  43  15:40  Mutalisk x14  
  73  16:00  Spine Crawler  
  73  16:02  Spine Crawler x2  
Show
View Real Time Build Order
Export as new Build Order

TATORREA Protoss 

Build Orders:  

Get SALT Encoding   

  12  0:06  Probe  
  13  0:33  Probe  
  14  0:44  Pylon  
  14  0:45  Probe  
  15  1:02  Probe  
  16  1:28  Gateway  
  16  1:31  Gateway  
  16  1:34  Probe  
  17  1:50  Assimilator  
  17  2:01  Pylon  
  17  2:02  Probe  
  18  2:14  Probe  
  19  2:16  Pylon  
  19  2:23  Nexus  
  19  2:26  Assimilator, Probe  
  20  2:46  Probe  
  21  2:54  Cybernetics Core  
  21  2:58  Probe  
  22  3:08  Forge  
  22  3:10  Probe  
  22  3:12  Zealot x2  
  27  3:33  Pylon  
  27  3:36  Pylon  
  27  3:41  Probe  
  27  3:42  Probe  
  29  3:53  Probe  
  29  3:54  Probe  
  31  4:00  Gateway  
  31  4:06  Gateway, Probe x2  
  33  4:14  Stalker  
  35  4:18  Probe x2  
  35  4:19  Stalker  
  39  4:30  Probe x2  
  41  4:38  Protoss Ground Weapons Level 1  
  41  4:42  Probe x2  
  43  5:00  Probe  
  43  5:01  Probe  
  45  5:08  Pylon  
  45  5:09  Warp Gate  
  29  5:54  Stalker x2  
  33  5:57  Stalker  
  33  5:58  Stalker  
  37  6:35  Stargate  
  37  6:37  Stargate  
  37  6:40  Robotics Facility  
  37  6:58  Stalker  
  37  6:59  Stalker  
  41  7:06  Stalker x2  
  45  7:16  Twilight Council  
  45  7:23  Void Ray x2  
  53  7:30  Nexus  
  53  7:31  Stalker  
  53  7:32  Stalker  
  57  7:38  Probe  
  57  7:39  Probe  
  59  7:47  Assimilator  
  59  7:51  Assimilator, Probe x2  
  61  7:52  Immortal  
  65  8:03  Probe x2  
  67  8:15  Probe x2  
  69  8:27  Probe x2  
  69  8:32  Stalker x2  
  75  8:38  Stalker  
  75  8:39  Probe  
  78  8:41  Probe  
  79  8:52  Stalker  
  81  8:59  Immortal  
  81  9:02  Probe x2  
  87  9:14  Probe x2  
  89  9:26  Probe x2  
  91  9:32  Probe  
  92  9:44  Probe  
  93  9:45  Assimilator, Pylon  
  93  9:48  Pylon  
  93  9:52  Assimilator, Pylon  
  93  9:55  Protoss Ground Weapons Level 2  
  93  10:03  Void Ray x2  
  93  10:06  Pylon, Probe  
  93  10:07  Immortal  
  106  10:15  Protoss Air Weapons Level 1  
  106  10:19  Stalker, Probe  
  106  10:20  Stalker  
  111  10:28  Blink  
  111  10:31  Probe  
  112  10:47  Robotics Bay  
  112  10:49  Fleet Beacon  
  112  10:56  Probe x2  
  114  11:08  Probe  
  114  11:09  Probe  
  116  11:12  Probe  
  116  11:16  Void Ray  
  116  11:17  Void Ray  
  125  11:41  Pylon  
  125  11:43  Pylon  
  125  11:47  Pylon  
  125  11:50  Pylon  
  125  11:53  Pylon  
  125  11:59  Probe x3  
  125  12:00  Immortal  
  132  12:05  Stalker x3  
  132  12:06  Stalker  
  140  12:10  Void Ray x2  
  140  12:12  Probe  
  140  12:13  Unknown  
  140  12:15  Extended Thermal Lance  
  137  12:24  Probe  
  138  12:38  Colossus  
  144  12:48  Stalker  
  144  12:49  Stalker  
  148  12:53  Phoenix x2  
  148  12:55  Nexus  
  152  13:11  Anion Pulse-Crystals  
  92  13:32  Colossus  
  64  13:55  Protoss Ground Weapons Level 3  
  64  13:59  Stalker x2  
  68  14:03  Void Ray  
  68  14:04  Void Ray  
  42  15:01  Colossus  
  48  15:07  Zealot  
  48  15:08  Zealot  
  48  15:10  Charge  
  50  15:42  Zealot x2  
  14  16:18  Colossus  
  14  16:23  Zealot x2  
  14  17:06  Zealot x2  
Show
View Real Time Build Order
Export as new Build Order

Sebas Terran 

Build Orders:  

Get SALT Encoding   

  12  0:03  SCV  
  13  0:15  SCV  
  13  0:20  Supply Depot  
  14  0:28  SCV  
  15  0:41  SCV  
  16  0:43  Barracks  
  16  0:50  Supply Depot  
  16  0:53  SCV  
  17  1:08  Refinery  
  17  1:10  SCV  
  18  1:13  Supply Depot  
  18  1:22  SCV  
  19  1:34  Refinery  
  19  1:35  Orbital Command  
  19  1:45  Marine  
  20  2:03  Marine  
  21  2:10  Factory  
  21  2:12  SCV  
  22  2:19  Supply Depot  
  22  2:21  Marine  
  23  2:24  SCV  
  24  2:36  SCV  
  25  2:38  Marine  
  25  2:39  Barracks  
  26  2:48  Engineering Bay, SCV  
  27  2:54  Widow Mine  
  27  2:56  Marine  
  30  3:04  Supply Depot  
  30  3:16  Starport, Widow Mine  
  32  3:31  Barracks Reactor  
  32  3:32  Barracks Reactor  
  32  3:37  Widow Mine  
  34  3:54  Command Center  
  34  3:59  Widow Mine  
  36  4:20  Marine x2, Widow Mine  
  36  4:21  Marine x2  
  42  4:33  Starport Tech Lab  
  42  4:35  Fusion Core  
  42  4:36  Starport  
  42  4:38  Marine x2  
  44  4:49  Factory Tech Lab  
  44  4:51  Marine x2  
  46  4:56  Marine  
  47  5:00  Supply Depot  
  47  5:06  SCV x2  
  49  5:20  Viking  
  51  5:32  Refinery  
  51  5:35  Refinery  
  51  5:47  Orbital Command  
  51  6:07  Battlecruiser  
  51  6:11  SCV  
  58  6:21  SCV  
  58  6:23  SCV  
  60  6:32  Weapon Refit  
  60  6:33  SCV, Starport Tech Lab  
  60  6:35  SCV  
  62  6:40  Marine x2  
  62  6:41  Marine x2  
  62  6:45  SCV  
  67  6:47  SCV  
  68  6:58  Marine x2  
  68  6:59  SCV  
  68  7:00  Battlecruiser  
  77  7:05  Terran Infantry Weapons Level 1  
  77  7:07  SCV  
  78  7:20  Supply Depot  
  78  7:21  Supply Depot  
  78  7:23  Supply Depot  
  78  7:41  Marine x3  
  78  7:42  SCV x2  
  83  7:48  Battlecruiser  
  89  8:47  Battlecruiser  
  95  8:50  SCV x2  
  95  8:54  Siege Tank  
  100  9:01  Battlecruiser  
  106  9:17  Armory  
  106  9:20  Armory  
  106  9:27  Siege Tank  
  109  9:51  Battlecruiser  
  115  9:59  Siege Tank  
  118  10:10  Command Center  
  118  10:29  Marine x3  
  118  10:30  Marine  
  122  10:47  Marine  
  123  10:51  Starport  
  123  11:09  SCV x2  
  125  11:13  Supply Depot  
  125  11:14  Supply Depot  
  125  11:16  Supply Depot  
  125  11:18  Supply Depot  
  125  11:21  SCV  
  125  11:22  Terran Infantry Armor Level 1  
  126  11:25  Refinery  
  126  11:26  Orbital Command  
  126  11:29  Starport  
  126  11:30  SCV  
  127  11:33  SCV  
  128  11:42  SCV  
  128  11:46  SCV  
  130  11:55  SCV  
  124  12:42  Starport Reactor  
  124  12:43  Starport Reactor  
  124  12:46  SCV x2  
  126  12:52  Refinery  
  126  12:54  Battlecruiser x2  
  138  13:17  Marine x4  
  141  13:35  Marine x4  
  145  13:53  Marine x2  
  147  13:57  SCV  
  147  13:58  Battlecruiser x2, SCV x2  
  162  14:12  Viking x4  
  170  14:42  Viking x3  
  157  16:07  Marine x4  
  161  16:25  Marine x2  
Show
View Real Time Build Order
Export as new Build Order

Lemaroy Protoss 

Build Orders:  

Get SALT Encoding   

  12  0:03  Probe (Chrono Boost)  
  14  0:15  Probe (Chrono Boost)  
  14  0:22  Pylon  
  14  0:23  Probe (Chrono Boost)  
  15  0:43  Gateway, Probe  
  16  0:51  Assimilator  
  16  0:55  Probe  
  17  1:11  Gateway  
  17  1:18  Probe  
  18  1:30  Probe (Chrono Boost)  
  19  1:34  Cybernetics Core  
  19  1:38  Assimilator  
  19  1:42  Probe (Chrono Boost)  
  19  1:44  Pylon  
  20  1:47  Probe (Chrono Boost)  
  21  1:56  Probe  
  22  2:10  Warp Gate (Chrono Boost)  
  22  2:12  Twilight Council  
  22  2:17  Adept x2  
  26  2:34  Pylon  
  26  2:54  Adept  
  28  2:58  Nexus  
  28  3:10  Resonating Glaives  
  28  3:13  Adept  
  30  3:23  Probe  
  31  3:34  Pylon  
  31  3:35  Probe  
  31  3:37  Pylon  
  32  3:47  Probe  
  33  3:52  Adept  
  33  3:53  Adept  
  37  3:59  Probe  
  34  4:31  Adept x2  
  38  4:43  Probe (Chrono Boost)  
  40  4:53  Probe (Chrono Boost)  
  40  4:58  Probe (Chrono Boost)  
  41  5:09  Probe  
  42  5:21  Probe  
  33  6:04  Probe (Chrono Boost)  
  33  6:09  Assimilator  
  32  6:11  Adept  
  32  6:12  Adept  
  32  6:14  Probe (Chrono Boost)  
  32  6:15  Assimilator  
  37  6:19  Probe (Chrono Boost)  
  37  6:25  Gateway  
  38  6:26  Gateway  
  38  6:29  Gateway  
  38  6:30  Gateway  
  38  6:31  Probe  
  37  6:43  Probe (Chrono Boost)  
  36  6:55  Probe (Chrono Boost)  
  37  7:04  Adept x2, Probe (Chrono Boost)  
  42  7:09  Probe  
  43  7:18  Blink (Chrono Boost)  
  43  7:21  Forge, Probe  
  44  7:33  Pylon  
  44  7:38  Sentry x2, Pylon  
  44  7:39  Sentry x3  
  44  7:41  Stalker, Pylon  
  56  8:01  Photon Cannon  
  56  8:03  Photon Cannon  
  56  8:06  Photon Cannon  
  56  8:11  Photon Cannon  
  56  8:14  Photon Cannon  
  56  8:17  Stalker, Photon Cannon  
  56  8:18  Stalker x3  
  64  8:21  Stalker x2  
  64  8:27  Protoss Ground Weapons Level 1 (Chrono Boost)  
  68  8:41  Forge  
  68  8:49  Stalker  
  68  8:50  Stalker x3  
  68  8:51  Stalker  
  78  8:56  Stalker, Nexus  
  80  9:23  Pylon  
  80  10:06  Stalker x3  
  80  10:07  Stalker x3  
  92  10:18  Probe (Chrono Boost)  
  93  10:22  Protoss Shields Level 1 (Chrono Boost)  
  93  10:28  Photon Cannon, Probe (Chrono Boost)  
  94  10:31  Photon Cannon  
  94  10:33  Shield Battery, Probe (Chrono Boost)  
  95  10:38  Pylon  
  95  10:44  Probe  
  93  10:57  Probe  
  94  11:03  Photon Cannon  
  94  11:07  Photon Cannon  
  94  11:08  Shield Battery  
  94  11:12  Probe (Chrono Boost)  
  94  11:18  Stalker x3  
  97  11:19  Stalker x3  
  97  11:22  Probe (Chrono Boost)  
  108  11:27  Probe (Chrono Boost)  
  108  11:29  Assimilator  
  109  11:33  Assimilator  
  109  11:39  Probe  
  103  11:51  Probe  
  96  12:36  Stalker  
  96  12:37  Stalker  
  100  12:42  Pylon  
  100  12:47  Pylon  
  100  12:49  Pylon, Probe  
  101  12:53  Pylon  
  101  13:01  Probe  
  96  13:13  Probe  
  81  13:25  Probe  
  58  13:37  Probe  
  58  13:40  Stalker x3  
  58  13:41  Stalker x2  
  67  13:42  Stalker  
  51  14:37  Stalker  
  51  14:38  Stalker x4  
  49  14:39  Stalker  
  49  14:42  Protoss Shields Level 2 (Chrono Boost)  
  55  15:01  Pylon  
  55  15:06  Pylon  
  55  15:09  Pylon  
  55  15:10  Photon Cannon  
  55  15:12  Photon Cannon  
  55  15:14  Photon Cannon  
  55  15:16  Pylon  
  55  15:18  Pylon  
  55  15:21  Pylon  
  55  15:23  Probe  
  55  15:25  Pylon  
  56  15:30  Stalker  
  56  15:31  Stalker x3  
  56  15:34  Stalker  
  56  15:35  Stalker, Probe  
  69  15:47  Probe  
  70  15:50  Photon Cannon  
  70  15:52  Photon Cannon  
  70  15:57  Photon Cannon  
  70  15:59  Probe  
  70  16:00  Photon Cannon  
  71  16:04  Photon Cannon  
  71  16:07  Shield Battery  
  71  16:09  Shield Battery  
  71  16:11  Shield Battery  
  71  16:14  Shield Battery  
  71  16:17  Stalker x3  
  71  16:18  Stalker x3  
  83  16:19  Pylon  
  83  16:23  Pylon  
  83  16:26  Pylon  
  83  16:35  Nexus  
  83  17:03  Stalker x4  
  83  17:04  Stalker x2  
Tags
 
Add a new tag
Caveats
  • Supply blocks, unpowered buildings, or Contaminate may cause inaccurate times.
  • Supply counts are checked every 10 seconds.